 Dungeon Crawl Stone Soup version 0.29.0-11-gd7f09526c8 (webtiles) character file.

Game seed: 17978317439104144927

6 Zeldest the Ruffian (level 1, -7/16 HPs)
             Began as a Draconian Transmuter on Sept 5, 2022.
             Mangled by an iguana (11 damage)
             ... on level 3 of the Dungeon.
             The game lasted 00:00:36 (384 turns).

Zeldest the Ruffian (Draconian Transmuter)           Turns: 384, Time: 00:00:36

Health: -7/16      AC:  4    Str: 12    XL:     1   Next: 75%
Magic:  2/3        EV: 12    Int: 13    God:
Gold:   21         SH:  0    Dex: 11    Spells: 3/4 levels left

rFire   . . .      SeeInvis .     - Unarmed
rCold   . . .      Faith    .   (no shield)
rNeg    . . .      Spirit   .   (body armour unavailable)
rPois   .          Reflect  .   (helmet currently unavailable)
rElec   .          Harm     .   (no cloak)
rCorr   .          Rampage  .   (no gloves)
Will    .....                   (boots currently unavailable)
Stlth   +.........              (no amulet)
HPRegen 0.05/turn               (no ring)
MPRegen 0.08/turn               (no ring)

@: appendages (expiring)
A: horns 2, talons 2, AC +4, unfitting armour, cold-blooded
a: End Transformation


You were on level 3 of the Dungeon.
You had temporarily grown beastly horns and talons.
You visited 1 branch of the dungeon, and saw 3 of its levels.

You collected 21 gold pieces.

Inventory:

Jewellery
 e - an amulet of reflection
Scrolls
 b - a scroll of fear {unknown}
 d - a scroll of acquirement {unknown}
Potions
 a - a potion of lignification
 c - a potion of mutation {unknown}


   Skills:
 - Level 1.1 Fighting
 - Level 1.7 Dodging
 * Level 3.1 Unarmed Combat
 - Level 2.0 Spellcasting
 * Level 2.2 Transmutations
 + Level 0.4 Invocations


You had 3 spell levels left.
You knew the following spells:

 Your Spells              Type           Power      Damage    Failure   Level
a - Beastly Appendage     Tmut           14%        N/A       11%         1

Your spell library contained the following spells:

 Spells                   Type           Power      Damage    Failure   Level
 Wereblood                Tmut           7%         N/A       16%         2
 Spider Form              Tmut/Pois      4%         N/A       43%         3
 Ice Form                 Ice/Tmut       4%         N/A       85%         4


Dungeon Overview and Level Annotations

Branches:
Dungeon (3/15)

Altars:

Annotations:
D:2 Sigmund


Innate Abilities, Weirdness & Mutations

You have temporarily grown beastly horns and talons.
Your plain brown scales are hard. (AC +4)
You cannot fit into any form of body armour.
You are cold-blooded and may be slowed by cold attacks.


Message History

Found a stone staircase leading down.
e - an amulet of reflection A goblin comes into view.
It is wielding a +0 club.
The goblin shouts!
The goblin unwields a +0 club.
The goblin wields a +0 sling.
The goblin shoots a sling bullet.
The sling bullet closely misses you.
The goblin shoots a sling bullet.
The sling bullet barely misses you.
Casting: Beastly Appendage (safe; 11% risk of failure)
Confirm with . or Enter, or press ? or * to list all spells.
You grow a pair of large bovine horns.
Your feet morph into talons.
The goblin unwields a +0 sling.
The goblin wields a +0 club.
The goblin barely misses you.
You hit the goblin. You claw the goblin.
You kill the goblin!
Things that are here:
a +0 club; a +0 sling; a goblin corpse Your transformation is almost over.
Found a scroll labelled EPSUNE FIXZIBB.
An iguana comes into view.
The iguana hisses angrily.
Your horns disappear.
Your talons disappear.
Casting: Beastly Appendage (safe; 11% risk of failure)
Confirm with . or Enter, or press ? or * to list all spells.
You grow a pair of large bovine horns.
Your feet morph into talons.
You barely miss the iguana. Your kick misses the iguana. You hit the iguana.
The iguana is lightly wounded.
The iguana bites you!
Ouch! That really hurt!
You hit the iguana but do no damage. Your kick misses the iguana.
You headbutt the iguana.
The iguana is moderately wounded.
The iguana bites you.
* * * LOW HITPOINT WARNING * * *
You hit the iguana but do no damage. Your kick misses the iguana.
The iguana is moderately wounded.
Your transformation is almost over.
The iguana bites you!
Ouch! That really hurt!
You die...

.. . ... ###.#.
#.... #...#
#.?.+ #.l.#
#.@.# #...#
#...# #...#
#...# #...#
#8...8# ###.#
##.....#### #.#
#8.....8#.###.#


You could see an iguana.

Vanquished Creatures
  2 goblins
  2 hobgoblins (D:1)
  A rat (D:1)
5 creatures vanquished.

Notes
Turn   | Place    | Note
-------+----------+-------------------------------------------
     0 | D:1      | Zeldest the Draconian Transmuter began the quest for the
                  | Orb.
     0 | D:1      | Reached XP level 1. HP: 16/16 MP: 3/3
    60 | D:1      | Found a faded altar of an unknown god.
   300 | D:1      | You fall into a shaft and drop 1 floor!
   316 | D:2      | Noticed Sigmund
   377 | D:3      | Noticed an iguana
   384 | D:3      | Mangled by an iguana

Illustrated notes

Levels and vault maps discovered:
D:1:      ebering_hopf_link, layout_loops_corners,
          ebering_ecumenical_altar_petrified
D:2:      layout_basic, serial_co_window_serial, co_window_paths_a,
          co_window_corner_a, co_window_paths_b, co_window_paths_b,
          co_window_corner_a, co_window_paths_b, co_window_broadway_b,
          co_window_paths_c, co_window_corner_ca, co_window_4corner_a,
          uniq_sigmund
D:3:      layout_basic, nicolae_overflow_hidden_temple

Action                   || total
-------------------------++-------
Melee: Unarmed           ||    21
       Kick              ||     2
       Headbutt          ||     1
       Tailslap          ||     1
       Punch             ||     1
 Cast: Beastly Appendage ||     3
Armor: Skin              ||     7
Dodge: Dodged            ||     7
